 Dungeon Crawl Stone Soup version 0.20.1-1-g8b1a95d (webtiles) character file.

98 RuzvalD the Sneak (level 4, -11/33 HPs)
             Began as a Vampire Assassin on Oct 25, 2017.
             Mangled by an ogre
             ... wielding a +0 giant club
              (20 damage)
             ... on level 3 of the Dungeon.
             The game lasted 00:12:53 (2756 turns).

RuzvalD the Sneak (Vampire Assassin)                Turns: 2756, Time: 00:12:53

Health: -11/33     AC:  7    Str: 10    XL:     4   Next: 44%
Magic:  4/4        EV: 11    Int: 15    God:
Gold:   130        SH:  0    Dex: 16    Spells: 3/3 levels left

rFire    . . .     SeeInvis +   a - +2 dagger
rCold    . . .     Gourm    .   (no shield)
rNeg     + . .     Faith    .   m - +0 leather armour
rPois    .         Spirit   .   (no helmet)
rElec    .         Reflect  .   u - +2 cloak
rCorr    .         Harm     .   (no gloves)
MR       .....                  g - +0 pair of boots
Stlth    ++++......             C - amulet of magic regeneration
Regen    0.2/turn               v - +2 ring of intelligence
MPRegen  0.2/turn               (no ring)

@: no status effects
A: fangs 3, see invisible, unbreathing
a: Bat Form


You were on level 3 of the Dungeon.
You were not thirsty.

You visited 1 branch of the dungeon, and saw 3 of its levels.

You collected 130 gold pieces.

Inventory:

Hand Weapons
 a - a +2 dagger (weapon)
 b - a +0 blowgun
 i - a +0 short sword
 j - a +0 whip
 k - a +0 short sword
 o - a +0 dagger
 w - a +0 dagger
 x - a +0 dagger
 D - a +0 hunting sling
 E - a +0 dagger
Missiles
 e - 37 poisoned needles (quivered)
 f - 2 curare-tipped needles
 h - 34 sling bullets
 l - 61 stones
 y - 27 bolts
 F - a throwing net
 G - 14 arrows
Armour
 c - a +0 robe
 d - a +0 cloak
 g - a +0 pair of boots (worn)
 m - a +0 leather armour (worn)
 p - a +0 robe
 u - a +2 cloak (worn)
Jewellery
 v - a +2 ring of intelligence (left hand)
 C - an amulet of magic regeneration (around neck)
Scrolls
 q - a scroll of noise {unknown}
 r - 2 scrolls of remove curse
 t - a scroll of blinking
 z - a scroll of enchant armour {unknown}
 A - a scroll of identify {unknown}
 B - a scroll of teleportation {unknown}
Potions
 n - 2 potions of heal wounds {unknown}
 s - 2 potions of curing {unknown}


   Skills:
 + Level 2.1 Fighting
 + Level 3.1 Short Blades
 + Level 1.7 Throwing
 + Level 0.1 Armour
 + Level 1.4 Dodging
 + Level 7.7 Stealth


You had 3 spell levels left.
You didn't know any spells.

Dungeon Overview and Level Annotations

Branches:
Dungeon (3/15)

Altars:
Kikubaaqudgha


Innate Abilities, Weirdness & Mutations

You have razor-sharp teeth.
You have supernaturally acute eyesight. (SInv)
You can survive without breathing.


Message History

You completely miss the ogre.
The ogre is lightly wounded.
You hit the ogre.
The ogre is moderately wounded.
The ogre misses you.
You hit the ogre but do no damage.
The ogre is moderately wounded.
The ogre hits you with a giant club.
You hit the ogre.
The ogre is moderately wounded.
You hit the ogre.
The ogre is heavily wounded.
The ogre hits you with a giant club!
* * * LOW HITPOINT WARNING * * *
The kobold unwields an uncursed club.
The kobold wields a runed blowgun.
The kobold shoots a poisoned needle.
The poisoned needle closely misses you. The ogre barely misses you.
The ogre hits you with a giant club!!
Ouch! That really hurt!
You die...

##...###..# ##..)...##
##.##### .....#### ##.##
........# #...# ....##.#
#...# ...##.# #...# ..##.#
#####...##### #
#.##.###.....@.....## .
##(##.......KO..........
#.#......##...........###.
#.#..##..######...#####
.....#...# #...#
#.#.##...# #...#
....##...# #...#
#.#......# ##.##
#.#........ #.#


You could see an ogre and a kobold.

Vanquished Creatures
  4 adders (D:2)
  An ooze (D:2)
  2 worms (D:2)
  3 dart slugs
  2 leopard geckos (D:2)
  5 bats
  A giant cockroach (D:1)
  7 goblins
  5 hobgoblins
  2 jackals (D:3)
  5 frilled lizards
  6 kobolds
  4 rats
47 creatures vanquished.

Notes
Turn   | Place    | Note
-------+----------+-------------------------------------------
     0 | D:1      | RuzvalD the Vampire Assassin began the quest for the Orb.
     0 | D:1      | Reached XP level 1. HP: 16/16 MP: 1/1
    42 | D:1      | Reached skill level 6 in Stealth
   196 | D:1      | Reached XP level 2. HP: 21/22 MP: 2/2
   909 | D:2      | Found an ancient bone altar of Kikubaaqudgha.
   968 | D:2      | Reached XP level 3. HP: 15/27 MP: 3/3
  1148 | D:2      | Reached skill level 7 in Stealth
  1782 | D:2      | Reached XP level 4. HP: 33/33 MP: 4/4
  2726 | D:3      | Noticed an ogre
  2756 | D:3      | Mangled by an ogre

Skill      XL: |  1  2  3  4 |
---------------+-------------+-----
Stealth        | 6 7 |  7.7
Fighting       | 2 |  2.1
Short Blades   | 3 |  3.1
Throwing       | |  1.7
Armour         | |  0.1
Dodging        | |  1.4

Action                   |  1- 3 |  4- 6 || total
-------------------------+-------+-------++-------
Melee: Dagger            |   101 |    55 ||   156
       Bite              |     5 |     1 ||     6
  Use: Scroll            |       |     2 ||     2
 Stab: Sleeping          |    13 |     5 ||    18
       Distracted        |     1 |       ||     1
  Eat: Corpse            |     5 |     1 ||     6
Armor: Robe              |    15 |     4 ||    19
       Leather armour    |       |     6 ||     6
Dodge: Dodged            |    45 |    28 ||    73
